Map: Dusk Towers

Players

KingJulian

  • Race: Zerg Zerg
  • League: Silver
  • Spawn Location: 7:00

Fropez - Winner!

  • Race: Protoss Protoss
  • League: Silver
  • Spawn Location: 1:00

VOD

Have the link to the VOD?

Description

Time

  • Played on: April 22, 2016, 1 p.m.
  • Length: 25:50
Show
View Real Time Build Order
Export as new Build Order

KingJulian Zerg 

Build Orders: Pool First 

Get SALT Encoding   

  12  0:06  Drone  
  13  1:08  Drone  
  14  1:11  Spawning Pool  
  14  1:12  Hatchery  
  12  1:26  Extractor, Drone x3  
  14  1:51  Overlord  
  14  1:54  Overlord  
  14  2:06  Queen, Spine Crawler, Spore Crawler  
  14  2:08  Spore Crawler  
  14  2:10  Drone  
  14  2:18  Drone  
  15  2:24  Drone  
  15  2:26  Drone  
  17  2:36  Metabolic Boost  
  17  2:42  Zergling x2  
  18  2:51  Zergling x2  
  18  2:52  Zergling x2  
  18  2:57  Drone  
  21  3:03  Zergling x2  
  22  3:15  Spore Crawler  
  21  3:22  Spine Crawler, Drone  
  21  3:28  Drone  
  22  3:37  Drone  
  22  3:39  Zergling x2  
  24  3:47  Drone x2  
  26  3:52  Drone  
  27  3:56  Drone  
  27  4:14  Zergling x6  
  30  4:26  Lair  
  30  4:30  Pneumatized Carapace  
  30  4:44  Zergling x8  
  30  4:45  Zergling x4  
  36  4:57  Spine Crawler  
  35  5:06  Zergling x2  
  36  5:09  Overlord x2  
  36  5:18  Extractor  
  36  5:19  Zergling x2  
  36  5:33  Hatchery  
  35  5:44  Spire  
  34  6:02  Drone x2  
  36  6:14  Overseer, Spine Crawler x2  
  36  6:17  Drone  
  35  6:39  Drone x3  
  38  6:41  Zergling x6  
  41  6:53  Drone x3  
  44  6:56  Drone  
  45  7:06  Corruptor  
  45  7:18  Spore Crawler  
  39  7:31  Drone x3  
  42  7:37  Spore Crawler  
  42  7:40  Corruptor  
  44  7:51  Drone x3  
  46  8:07  Overseer  
  46  8:10  Zerg Flyer Armor Level 1  
  46  8:11  Corruptor  
  48  8:15  Drone  
  49  8:51  Extractor  
  49  8:52  Zergling x2  
  49  8:53  Zergling x10  
  54  9:19  Drone  
  54  9:20  Drone x2  
  54  9:22  Extractor  
  56  9:26  Spore Crawler  
  56  9:28  Corruptor  
  57  9:33  Overlord x3  
  54  10:07  Spine Crawler  
  54  10:10  Zerg Flyer Armor Level 2  
  54  10:14  Spine Crawler, Drone x5  
  57  10:32  Hatchery  
  56  10:36  Spine Crawler  
  55  10:47  Spore Crawler  
  54  10:50  Corruptor  
  54  10:56  Drone  
  57  11:11  Corruptor  
  59  11:37  Corruptor x2  
  59  11:38  Corruptor  
  65  11:50  Infestation Pit  
  64  11:56  Zergling x6  
  64  11:58  Overlord  
  67  12:02  Drone  
  68  12:08  Drone x2  
  70  12:20  Evolution Chamber  
  70  12:21  Drone x2  
  71  12:24  Drone  
  72  12:41  Drone x3  
  72  12:42  Drone x3  
  78  12:59  Corruptor  
  80  13:06  Zergling x2  
  80  13:07  Zergling x10  
  86  13:13  Overseer  
  86  13:16  Zerg Flyer Weapons Level 1  
  86  13:18  Zerg Melee Weapons Level 1  
  86  13:25  Hive  
  77  13:56  Zergling x2  
  77  13:57  Zergling x10  
  81  14:05  Drone x3  
  81  14:07  Drone x3  
  81  14:09  Extractor  
  86  14:11  Extractor  
  85  14:21  Zergling x2  
  85  14:22  Zergling x2  
  87  14:48  Overlord x5  
  87  14:49  Overlord  
  87  15:03  Spine Crawler  
  82  15:19  Zergling x2  
  82  15:20  Zergling x6  
  85  15:22  Adrenal Glands  
  85  15:24  Zerg Ground Armor Level 1  
  85  15:28  Greater Spire  
  85  15:32  Lair  
  85  15:33  Zergling x6  
  85  15:34  Zergling x4  
  85  15:35  Zergling x2  
  91  15:39  Spire  
  90  15:45  Hydralisk Den  
  90  15:46  Zergling x4  
  90  15:47  Zergling x8  
  95  15:56  Zergling x2  
  96  16:02  Zergling x2  
  96  16:03  Zergling x2  
  98  16:16  Zergling x4  
  100  16:26  Zergling x4  
  102  16:34  Mutalisk x3  
  102  16:38  Mutalisk x3  
  102  16:39  Mutalisk x2  
  118  16:43  Overlord x4  
  118  16:45  Zerg Flyer Armor Level 3  
  118  16:49  Brood Lord  
  117  17:00  Brood Lord x2  
  121  17:15  Corruptor x3  
  121  17:18  Zerg Melee Weapons Level 2  
  127  17:43  Corruptor  
  127  17:44  Corruptor x3  
  135  18:02  Mutalisk x4  
  135  18:03  Mutalisk  
  145  18:15  Drone x2  
  147  18:22  Overseer  
  147  18:27  Hatchery  
  147  18:30  Corruptor  
  148  18:49  Corruptor x3  
  118  19:42  Mutalisk x2  
  118  19:43  Mutalisk x5  
  127  19:49  Drone  
  128  20:01  Zergling x4  
  128  20:06  Drone  
  128  20:07  Drone x2  
  132  20:13  Spine Crawler  
  126  20:53  Brood Lord  
  126  20:54  Brood Lord x6  
  140  21:04  Zergling x2  
  141  21:05  Zergling x16  
  149  21:16  Drone x3  
  150  21:32  Spine Crawler  
  150  21:34  Spine Crawler  
  150  21:37  Spine Crawler  
  150  21:39  Spine Crawler  
  129  21:55  Zergling x2  
  129  21:56  Zergling x4  
  128  22:12  Zergling x6  
  128  22:13  Zergling x6  
  125  22:20  Mutalisk x3  
  120  23:08  Hatchery  
  120  23:11  Burrow  
  99  23:58  Hatchery  
  99  24:02  Overlord x3  
  83  24:33  Drone x2  
  83  24:34  Spawning Pool  
  83  24:37  Corruptor x3  
  88  24:39  Overlord  
  88  24:40  Overlord  
  88  24:41  Overlord  
Show
View Real Time Build Order
Export as new Build Order

Fropez Protoss - Winner!

Build Orders:  

Get SALT Encoding   

  12  0:04  Probe (Chrono Boost)  
  13  0:18  Pylon  
  13  0:23  Probe (Chrono Boost)  
  14  0:30  Assimilator  
  14  0:40  Gateway  
  14  0:46  Pylon  
  14  0:51  Probe (Chrono Boost)  
  15  1:00  Pylon  
  15  1:03  Probe (Chrono Boost)  
  16  1:40  Probe (Chrono Boost)  
  16  1:41  Pylon  
  16  1:46  Assimilator  
  17  1:50  Probe (Chrono Boost)  
  18  2:01  Cybernetics Core  
  18  2:02  Gateway  
  18  2:07  Gateway  
  18  2:12  Probe (Chrono Boost)  
  19  2:38  Warp Gate (Chrono Boost)  
  19  2:41  Mothership Core (Chrono Boost)  
  19  2:42  Adept  
  23  2:49  Adept  
  25  2:54  Adept  
  27  2:59  Probe (Chrono Boost)  
  28  3:10  Probe (Chrono Boost)  
  28  3:12  Adept  
  31  3:25  Stalker  
  33  3:29  Stalker  
  35  3:44  Probe  
  36  3:57  Probe  
  31  4:11  Stalker  
  31  4:12  Stalker  
  31  4:15  Stalker  
  37  4:23  Forge  
  37  4:24  Probe  
  37  4:29  Pylon  
  38  4:36  Probe  
  37  4:46  Robotics Facility  
  37  5:01  Photon Cannon  
  37  5:07  Protoss Ground Weapons Level 1  
  37  5:08  Probe  
  38  5:19  Zealot  
  38  5:20  Zealot x2  
  48  5:35  Warp Prism (Chrono Boost)  
  46  5:44  Probe  
  47  5:56  Probe  
  48  6:06  Pylon  
  48  6:09  Probe  
  49  6:33  Probe  
  50  6:45  Probe  
  51  6:47  Nexus  
  51  6:49  Pylon  
  51  6:52  Assimilator  
  51  6:57  Assimilator  
  51  6:58  Pylon  
  51  7:01  Protoss Ground Armor Level 1  
  51  7:14  Zealot x2  
  51  7:15  Zealot  
  51  7:30  Probe  
  51  7:36  Twilight Council  
  52  7:40  Gateway  
  52  7:46  Observer (Chrono Boost)  
  52  7:50  Probe  
  54  7:53  Zealot x3  
  54  7:58  Pylon  
  60  8:02  Probe  
  60  8:05  Observer (Chrono Boost)  
  62  8:17  Probe  
  62  8:18  Probe  
  63  8:28  Zealot x3  
  69  8:49  Stalker x3  
  69  8:50  Probe  
  69  8:51  Probe  
  77  8:58  Dark Shrine  
  77  9:01  Probe  
  77  9:02  Blink  
  78  9:14  Stalker x2  
  78  9:16  Probe  
  83  9:17  Probe  
  84  9:35  Zealot x2  
  88  9:52  Pylon  
  84  9:58  Probe  
  84  9:59  Robotics Bay  
  85  10:02  Probe  
  85  10:07  Stalker x3  
  78  10:08  Pylon  
  78  10:13  Protoss Ground Weapons Level 2  
  82  10:19  Probe  
  83  10:37  Nexus  
  83  10:44  Pylon  
  83  10:49  Pylon  
  83  10:57  Pylon, Probe  
  83  11:02  Probe  
  85  11:10  Zealot x3  
  91  11:16  Charge  
  91  11:24  Extended Thermal Lance  
  91  11:30  Probe  
  92  11:47  Probe  
  93  12:08  Assimilator  
  93  12:10  Probe  
  93  12:11  Probe  
  93  12:13  Assimilator  
  95  12:26  Colossus (Chrono Boost)  
  101  12:31  Pylon, Dark Templar x4  
  101  12:34  Pylon  
  101  12:36  Probe x2  
  110  12:43  Probe  
  111  12:48  Protoss Ground Weapons Level 3  
  112  12:56  Pylon  
  116  13:13  Immortal (Chrono Boost)  
  116  13:24  Probe  
  116  13:25  Probe  
  118  13:35  Probe  
  118  13:39  Probe  
  120  13:43  Nexus  
  120  13:45  Assimilator  
  120  13:46  Colossus (Chrono Boost)  
  126  13:49  Assimilator  
  126  13:54  Pylon  
  122  13:56  Probe  
  122  14:01  Dark Templar  
  122  14:02  Dark Templar x3  
  123  14:09  Pylon  
  123  14:24  Pylon  
  123  14:29  Pylon  
  123  14:38  Zealot x2  
  127  14:39  Zealot x2  
  122  15:23  Stalker x2  
  122  15:24  Stalker x2  
  130  15:30  Gateway  
  130  15:32  Gateway  
  130  15:34  Pylon x2  
  130  15:41  Gateway x2  
  130  16:03  Assimilator  
  130  16:06  Nexus  
  130  16:10  Assimilator, Stalker x3  
  130  16:11  Stalker  
  138  16:13  Pylon x2  
  138  16:17  Pylon  
  137  16:21  Pylon  
  137  16:25  Pylon  
  137  16:33  Protoss Ground Armor Level 2 (Chrono Boost)  
  137  16:37  Pylon  
  137  16:48  Observer Gravitic Boosters  
  137  16:53  Gateway  
  137  16:57  Gateway  
  137  17:03  Gateway x2  
  137  17:06  Gateway  
  137  17:08  Gateway  
  137  17:26  Stalker x6  
  137  17:27  Stalker x2  
  153  17:36  Stargate  
  153  17:37  Stargate  
  153  17:40  Stargate  
  153  17:42  Stargate  
  153  17:45  Observer (Chrono Boost), Gravitic Drive  
  153  17:47  Stargate  
  154  17:53  Pylon  
  154  17:54  Pylon  
  154  17:56  Pylon  
  154  18:03  Forge  
  154  18:05  Observer (Chrono Boost)  
  155  18:06  Forge  
  155  18:11  Cybernetics Core  
  155  18:14  Cybernetics Core  
  155  18:16  Nexus  
  155  18:18  Assimilator  
  155  18:20  Probe x2  
  155  18:21  Probe x2  
  155  18:22  Probe, Assimilator  
  155  18:23  Observer (Chrono Boost)  
  155  18:25  Protoss Shields Level 1  
  161  18:27  Pylon  
  161  18:29  Pylon  
  161  18:42  Protoss Ground Armor Level 3  
  161  18:50  Protoss Air Armor Level 1, Protoss Air Weapons Level 1  
  161  18:54  Fleet Beacon  
  117  19:49  Zealot x6  
  117  19:50  Zealot x6  
  117  19:51  Zealot x2  
  145  19:54  Carrier x3  
  145  19:55  Carrier  
  145  19:56  Carrier  
  175  20:11  Stalker x2  
  175  20:12  Stalker x5  
  187  20:18  Stalker  
  187  20:19  Stalker  
  165  20:33  Stalker  
  165  20:34  Stalker x4  
  175  20:40  Probe  
  165  20:52  Stalker  
  165  20:54  Stalker x3  
  165  20:55  Stalker  
  173  21:02  Dark Templar x2  
  125  22:06  Zealot  
  125  22:07  Zealot x2  
  125  22:08  Zealot x6  
  131  22:09  Zealot x3  
  127  22:46  Graviton Catapult (Chrono Boost)  
  127  22:47  Carrier  
  127  22:48  Protoss Air Weapons Level 2, Protoss Air Armor Level 2  
  127  22:50  Protoss Shields Level 2  
  129  22:56  Archon x3  
  129  22:57  Archon x2  
  127  23:04  Stalker x5  
  127  23:05  Stalker  
  131  23:07  Stalker  
  104  23:39  Void Ray  
  104  23:40  Void Ray  
  96  23:41  Void Ray  
  96  23:43  Void Ray  
  97  24:02  Photon Cannon  
  97  24:04  Photon Cannon  
  97  24:06  Photon Cannon  
  97  24:08  Photon Cannon  
  97  24:10  Photon Cannon  
  97  24:11  Probe  
  97  24:13  Probe x2  
  100  24:21  Probe  
  100  24:25  Probe  
  100  24:28  Nexus  
  124  25:33  Zealot x2  
  128  25:47  Assimilator  
Tags
 
Matchup
PvZ
Opening
Pool First
Replay Pack
All Mines
Spawn Locations
Cross Positions
Add a new tag
Caveats
  • Supply blocks, unpowered buildings, or Contaminate may cause inaccurate times.
  • Supply counts are checked every 10 seconds.